 Dungeon Crawl Stone Soup version 0.26-a0-83-g7ccd015ce0 (webtiles) character file.

Game seed: 780626582210389181

2336 Gargoyl the Chopper (level 9, -19/74 HPs)
             Began as a Centaur Abyssal Knight on June 16, 2020.
             Was an Elder of Lugonu.
             Killed from afar by Pikel (27 damage)
             ... with a bolt of acid
             ... on level 7 of the Dungeon.
             The game lasted 00:11:14 (8093 turns).

Gargoyl the Chopper (Centaur Abyssal Knight)        Turns: 8093, Time: 00:11:14

Health: -19/74     AC:  5    Str: 16    XL:     9   Next: 19%
Magic:  12/12      EV:  3    Int: 11    God:    Lugonu [****..]
Gold:   414        SH:  3    Dex: 11    Spells: 8/8 levels left

rFire    . . .     SeeInvis .   e - +4 war axe (chaos)
rCold    . . .     Gourm    .   n - +0 buckler
rNeg     . . .     Faith    .   x - +0 plate armour
rPois    .         Spirit   .   (no helmet)
rElec    .         Reflect  .   q - +2 cloak
rCorr    .         Harm     .   (no gloves)
MR       +....                  (no barding)
Stlth    ..........             (no amulet)
HPRegen  0.22/turn              o - ring of protection from magic
MPRegen  0.13/turn              (no ring)

@: corroded, very quick
A: large, hooves 3, deformed body, speed 2, tough skin 3
a: Depart the Abyss, Bend Space, Banish, Corrupt, Renounce Religion


You were on level 7 of the Dungeon.
You worshipped Lugonu.
Lugonu was greatly pleased with you.
You were not hungry.

You visited 1 branch of the dungeon, and saw 7 of its levels.
You visited the Abyss 1 time.

You collected 414 gold pieces.

Inventory:

Hand Weapons
 a - a +1 hand axe
 e - a +4 war axe of chaos (weapon)
Armour
 n - a +0 buckler (worn)
 q - a +2 cloak (worn)
 x - a +0 plate armour (worn)
Jewellery
 o - a ring of protection from magic (left hand)
Wands
 i - a wand of iceblast (11)
 v - a wand of flame (15)
Scrolls
 d - 3 scrolls of enchant armour
 k - 6 scrolls of teleportation
 l - 2 scrolls of remove curse
 r - 4 scrolls of identify
Potions
 b - a potion of mutation {unknown}
 f - 2 potions of degeneration {unknown}
 g - 2 potions of cancellation
 j - a potion of curing
 m - 2 potions of magic {unknown}
 p - 3 potions of flight {unknown}
 s - a potion of stabbing {unknown}
 t - 2 potions of brilliance {unknown}
 u - a potion of resistance {unknown}
 w - a potion of lignification {unknown}
 z - a potion of might {unknown}
 A - a potion of haste {unknown}
Comestibles
 c - 14 rations
 h - 5 chunks of flesh


   Skills:
 + Level 5.2 Fighting
 + Level 6.4 Axes
 * Level 5.0 Armour
 * Level 3.6 Dodging
 + Level 0.2 Shields
 * Level 5.2 Invocations


You had 8 spell levels left.
You didn't know any spells.
Your spell library contained the following spells:

 Spells                   Type           Power        Failure   Level  Hunger
 Animate Skeleton         Necr           N/A          100%        1    ##.....
 Pain                     Necr           #...         100%        1    ##.....
 Vampiric Draining        Necr           #.........   100%        3    ####...
 Animate Dead             Necr           N/A          100%        4    #####..
 Agony                    Necr           #.......     100%        5    ######.


Dungeon Overview and Level Annotations

Branches:
Dungeon (7/15)             Temple (0/1) D:4

Altars:
Dithmenos
Hepliaklqana
Nemelex Xobeh
Trog
Xom
Zin

Shops:
D:4 (

Annotations:
D:7 Pikel


Innate Abilities, Weirdness & Mutations

You have hooves in place of feet.
Armour fits poorly on your strangely shaped body.
You cover ground very quickly.
You have extremely tough skin. (AC +3)


Message History

Pikel is heavily wounded.
You hit the slave but do no damage. Lightning courses through the slave!!
You hit the slave. You burn the slave.
Pikel hits you with a +0 whip of freezing.
* * * LOW HITPOINT WARNING * * *
Pikel freezes you.
* * * LOW HITPOINT WARNING * * *
The slave hits you.
* * * LOW HITPOINT WARNING * * *
The slave hits you.
* * * LOW HITPOINT WARNING * * *
Pikel hits you but does no damage. The slave hits you but does no damage.
Pikel says, "You'll fetch a fair price!"
You see here a +0 dagger.
Things that are here:
a +0 short sword; 3 stones A centaur comes into view. x2
Pikel zaps a wand.
The bolt of acid hits you!!
You die...

c≈≈≈## #....#
≈≈≈≈..####.p.##
≈≈≈≈....##.p##
≈≈≈≈≈≈≈≈≈.....pK##
≈≈≈≈≈≈≈≈≈....p).#
≈≈≈≈≈≈≈≈##...(##
≈≈≈≈≈≈ ##....##
#...####.()...#
#...##.@((#...# #
#...#....###...#
#.#####......##
#...#
#..........###
#.... .
####.......# #...
. ###.....##..#
.(.
.###.....####...#
.......### #...#
.......## ##..#


You could see Pikel and 4 slaves.

Vanquished Creatures
  A troll (shapeshifter) (D:6)
  Grinder (D:5)
  An orc warrior (D:5)
  A sky beast (D:5)
  A phantom (D:5)
  4 ogres
  A big kobold (D:7)
  2 bullfrogs (D:6)
  3 scorpions
  2 howler monkeys (D:7)
  5 crimson imps
  3 hounds
  A bullfrog skeleton (D:6)
  2 orc priests (D:4)
  6 orc wizards
  2 centaur skeletons
  A worker ant (D:6)
  A hound zombie (D:7)
  2 hound skeletons
  A howler monkey zombie (D:5)
  10 adders
  An ufetubus (Abyss:2)
  An ooze (D:2)
  2 worms
  4 dart slugs
  8 leopard geckos
  18 orcs
  10 bats
  8 giant cockroaches
  7 goblins
  15 hobgoblins
  8 jackals
  5 quokkas
  9 frilled lizards
  13 kobolds
  A leopard gecko skeleton (D:6)
  A quokka zombie (D:7)
  7 rats
169 creatures vanquished.

Notes
Turn   | Place    | Note
-------+----------+-------------------------------------------
     0 | Abyss:1  | Gargoyl the Centaur Abyssal Knight began the quest for the
                  | Orb.
     0 | Abyss:1  | Reached XP level 1. HP: 19/19 MP: 2/2
    28 | Abyss:2  | Noticed a neqoxec
    51 | D:1      | Escaped the Abyss
   196 | D:1      | Reached * piety under Lugonu
   196 | D:1      | Reached XP level 2. HP: 25/26 MP: 3/3
   443 | D:1      | Reached skill level 2 in Axes
   585 | D:1      | Reached skill level 1 in Dodging
   632 | D:1      | Reached XP level 3. HP: 27/31 MP: 4/4
  1297 | D:2      | Reached XP level 4. HP: 35/39 MP: 5/5
  1454 | D:2      | Reached ** piety under Lugonu
  1706 | D:2      | Found a shadowy altar of Dithmenos.
  2451 | D:3      | Found a glowing silver altar of Zin.
  2466 | D:3      | Reached XP level 5. HP: 42/46 MP: 7/7
  2483 | D:3      | Found a shimmering altar of Xom.
  2527 | D:3      | Reached skill level 3 in Axes
  2910 | D:3      | Reached XP level 6. HP: 49/52 MP: 8/8
  2928 | D:3      | Reached *** piety under Lugonu
  3528 | D:4      | Found Tetof's Weapon Boutique.
  3681 | D:4      | Found a staircase to the Ecumenical Temple.
  3687 | D:4      | Reached skill level 4 in Axes
  3696 | D:4      | Reached XP level 7. HP: 26/59 MP: 9/9
  3921 | D:4      | Found a bloodstained altar of Trog.
  4475 | D:5      | Entered Level 5 of the Dungeon
  4682 | D:5      | Noticed Grinder
  4710 | D:5      | Paralysed by Grinder for 5 turns
  4719 | D:5      | Killed Grinder
  4841 | D:5      | Reached skill level 5 in Axes
  5417 | D:5      | Found a sparkling altar of Nemelex Xobeh.
  5436 | D:5      | Reached XP level 8. HP: 29/67 MP: 11/11
  6388 | D:6      | Reached **** piety under Lugonu
  6921 | D:6      | Reached skill level 5 in Fighting
  6978 | D:6      | Noticed a shapeshifter
  6978 | D:6      | an orc warrior changed into a shapeshifter
  6978 | D:6      | Noticed a troll
  6978 | D:6      | a shapeshifter changed into a troll
  6986 | D:6      | Killed a troll
  6986 | D:6      | Reached skill level 6 in Axes
  6986 | D:6      | Reached skill level 5 in Invocations
  7447 | D:6      | Reached XP level 9. HP: 72/74 MP: 12/12
  7481 | D:6      | Found a hazy altar of Hepliaklqana.
  7905 | D:7      | Found a shadowy altar of Dithmenos.
  8015 | D:7      | Reached skill level 5 in Armour
  8076 | D:7      | Noticed Pikel
  8093 | D:7      | Killed from afar by Pikel

Illustrated notes

Levels and vault maps discovered:
D:1:      scummos_arrival_forest, layout_rooms
D:2:      wad_crossroads, layout_basic, old_standard_altar
D:3:      layout_basic, led_xom_imps, zin_academy
D:4:      minmay_general_purpose_star, layout_loops_ring,
          minmay_temple_entry_statues_fountains, first_ration, serial_shops,
          kennysheep_mini, trog_butcher_becter
D:5:      minmay_skewed_foursquare, layout_basic,
          nicolae_overflow_hidden_temple, minmay_tree_intersection, uniq_grinder
D:6:      layout_basic, kennysheep_mini_moat, small_statue_intersection
D:7:      nicolae_whirlpool, layout_layer_cave, basic_altar, uniq_pikel

Skill      XL: |  1  2  3  4  5  6  7  8  9 |
---------------+----------------------------+-----
Axes           | 2 3 4 5 6 |  6.4
Dodging        | 1 2 3 |  3.6
Armour         | 2 3 4 5 |  5.0
Invocations    | 3 4 5 |  5.2
Fighting       | 4 5 |  5.2
Shields        | |  0.2

Action                   |  1- 3 |  4- 6 |  7- 9 || total
-------------------------+-------+-------+-------++-------
Melee: War axe           |    69 |   147 |   200 ||   416
       Kick              |    10 |    22 |    45 ||    77
Invok: Depart the Abyss  |     1 |       |       ||     1
  Use: Potion            |     2 |     2 |       ||     4
       Scroll            |       |    11 |     3 ||    14
  Eat: Chunk             |     1 |     6 |    12 ||    19
Armor: Leather armour    |    38 |    48 |       ||    86
       Chain mail        |       |    38 |   124 ||   162
       Plate armour      |       |       |    16 ||    16
Dodge: Dodged            |    32 |    72 |    42 ||   146
Block: Buckler           |       |       |    26 ||    26

Table legend:
 A = Non-vault XP
 B = Vault XP
 C = Vault XP percentage of total XP
 D = Non-vault monster count
 E = Vault monster count
 F = Vault count percentage of total count
                 A         B        C        D         E       F
            +---------+---------+-------+---------+---------+-------
      Total |    2705 |     633 |  19.0 |     152 |      17 |  10.1
            +---------+---------+-------+---------+---------+-------
        D:1 |      46 |       0 |   0.0 |      23 |       0 |   0.0
        D:2 |     103 |       7 |   6.4 |      28 |       4 |  12.5
        D:3 |      59 |     198 |  77.0 |      26 |       4 |  13.3
        D:4 |     366 |      24 |   6.2 |      14 |       6 |  30.0
        D:5 |     728 |     404 |  35.7 |      16 |       3 |  15.8
        D:6 |     991 |       0 |   0.0 |      29 |       0 |   0.0
        D:7 |     404 |       0 |   0.0 |      15 |       0 |   0.0
    Abyss:2 |       8 |       0 |   0.0 |       1 |       0 |   0.0
            +---------+---------+-------+---------+---------+-------
